 Dungeon Crawl Stone Soup version 0.31-a0-1522-g43313d8a59 (console) character file.

Game seed: 1872870910106296720

521468 Banquo the Sorcerer (level 26, -1/199 HPs)
             Began as a Djinni Air Elementalist on Dec 30, 2023.
             Was the Champion of Makhleb.
             Engulfed by Juqaed the pandemonium lord's flame (3 damage)
             ... on level 9 of a ziggurat on Jan 6, 2024.
             The game lasted 05:48:49 (58968 turns).

Banquo the Sorcerer (Djinni Air Elementalist)      Turns: 58968, Time: 05:48:50

Health: -1/199     AC: 20    Str:  5 (7)  XL:     26   Next: 59%
Gold:   4759       EV: 26    Int: 26      God:    Makhleb [******] SH: 16 Dex: 17

rFire   + + .        w - staff of the Soothsayer {rElec Necro Ice Air}
rCold   + . .        i - +1 kite shield {AC+3}
rNeg    . . .        d - +3 troll leather armour
rPois   ∞            h - +0 helmet of Zothulul {rC++}
rElec   +            e - +2 cloak "Nieky" {Will+ SInv}
rCorr   .            g - +2 pair of gloves {Stlth+}
SInv    +            (boots unavailable)
Will    +++..        x - amulet of regeneration
Stlth   +++          k - ring of the Hare {EV+10}
HPRegen 2.13/turn    W - ring of wizardry
MPRegen 0.00/turn

%: wizardry (x1), infuse magic (-2 HP)
@: flying, studying Unarmed Combat
A: sickness immunity, fire resistance 2, cold vulnerability 1, float, innate
caster, HP casting, extra vitality 1, deterioration 1
}: 3/15 runes: decaying, slimy, gossamer
a: Renounce Religion, Minor Destruction, Lesser Servant of Makhleb, Major
Destruction, Greater Servant of Makhleb


You were on level 9 of a ziggurat.
You worshipped Makhleb.
Makhleb was exalted by your worship.
You visited 10 branches of the dungeon, and saw 47 of its levels.
You visited 1 bazaar.
You visited 1 ziggurat, and saw 9 of its levels.
You also visited: Trove and Gauntlet.

You collected 5426 gold pieces.
You spent 667 gold pieces at shops.

Inventory:

Hand Weapons
 a - a +4 quick blade of protection
 r - the +10 double sword of Mastery {heavy, rElec rCorr Dex+3}
   (You found it on level 4 of a ziggurat)

   Dex+3:     It affects your dexterity (+3).
   rElec:     It insulates you from electricity.
   rCorr:     It protects you from acid and corrosion.
 K - the +9 flail of Huonkysh {freeze, Fly Will+++ Str-2}
   (You found it on level 4 of the Vaults)

   Str-2:     It affects your strength (-2).
   Will+++:   It greatly increases your willpower.
   Fly:       It grants you flight.
Armour
 d - a +3 troll leather armour (worn)
 e - the +2 cloak "Nieky" (worn) {Will+ SInv}
   (You bought it in a shop in a bazaar)

   Will+:     It increases your willpower.
   SInv:      It lets you see invisible.
 g - a +2 pair of gloves of stealth (worn)
 h - the +0 helmet of Zothulul (worn) {rC++}
   (You acquired it on level 11 of the Dungeon)

   rC++:      It greatly protects you from cold.
 i - a +1 kite shield of protection (worn)
Magical Staves
 b - a staff of air
 w - the staff of the Soothsayer (weapon) {rElec Necro Ice Air}
   (You found it on level 8 of a ziggurat)

   [staff of air]

   Base accuracy: +5 Base damage: 5 Base attack delay: 1.2 This weapon's minimum
   attack delay (0.6) is reached at skill level 12.
   rElec:     It insulates you from electricity.
   Necro:     It increases the power of your Necromancy spells.
   Ice:       It increases the power of your Ice spells.
   Air:       It increases the power of your Air spells.
   It falls into the 'Staves' category.
   It is a one-handed weapon.
 z - a staff of cold
Jewellery
 k - the ring of the Hare (left hand) {EV+10}
   (You took it off a deep elf elementalist on level 3 of the Elven Halls)

   [ring of evasion]

   EV+10:     It affects your evasion (+10).
 s - the ring of Gluttony {rC+ Str+4 Stlth-}
   (You found it on level 7 of a ziggurat)

   [ring of protection from cold]

   Str+4:     It affects your strength (+4).
   rC+:       It protects you from cold.
   Stlth-:    It makes you less stealthy.
 x - an amulet of regeneration (around neck)
 C - a ring of ice
 D - the ring "Cachofim" {Str+2 SInv}
   (You found it on level 6 of a ziggurat)

   [ring of see invisible]

   Str+2:     It affects your strength (+2).
   SInv:      It lets you see invisible.
 W - a ring of wizardry (right hand)
Wands
 l - a wand of mindburst (24)
 n - a wand of iceblast (26)
 u - a wand of quicksilver (34)
Scrolls
 j - 11 scrolls of blinking
 m - a scroll of silence
 o - 2 scrolls of butterflies
 p - 8 scrolls of poison
 y - 23 scrolls of teleportation
 E - a scroll of acquirement
 O - 6 scrolls of fear
 U - 6 scrolls of fog
Potions
 c - 8 potions of haste
 f - 14 potions of curing
 q - a potion of cancellation
 t - 8 potions of might
 v - a potion of berserk rage
 B - 6 potions of brilliance
 G - 30 potions of heal wounds
 H - 8 potions of resistance
 L - 12 potions of ambrosia
 M - 5 potions of invisibility
 R - 6 potions of enlightenment


   Skills:
 - Level 19.7 Fighting
 - Level 15.1 Armour
 - Level 12.0 Dodging
 - Level 1.5 Stealth
 - Level 17.0 Shields
 * Level 22.8 Spellcasting
 * Level 22.8 Conjurations
 * Level 22.8 Hexes
 * Level 22.8 Summonings
 * Level 22.8 Necromancy
 * Level 22.8 Translocations
 * Level 22.8 Fire Magic
 * Level 22.8 Ice Magic
 * Level 22.8 Air Magic
 * Level 22.8 Earth Magic
 * Level 22.8 Alchemy
 - Level 15.0 Invocations


You knew the following spells:

 Your Spells              Type           Power      Damage    Failure   Level
a - Airstrike             Air            61%        2d(9-25)  0%          4
b - Fireball              Conj/Fire      49%        3d19      0%          5
c - Confusing Touch       Hex            99%        N/A       0%          3
d - Static Discharge      Conj/Air       100%       3-8/arc   0%          2
e - Metabolic Englaciati  Hex/Ice        61%        N/A       0%          5
f - Shock                 Conj/Air       100%       1d9       0%          1
g - Foxfire               Conj/Fire      100%       2x1d9     0%          1
h - Death's Door          Necr           61%        N/A       16%         9
l - Conjure Ball Lightni  Conj/Air       61%        3x3d22    1%          6
s - Scorch                Fire           100%       2d9       0%          2
v - Mercury Vapours       Alch/Air       100%       N/A       0%          2
x - Summon Horrible Thin  Summ           49%        N/A       1%          8
z - Ozocubu's Refrigerat  Ice            61%        4d21      1%          7
D - Dispersal             Tloc           49%        N/A       1%          6
L - Borgnjor's Revivific  Necr           61%        N/A       1%          8
M - Swiftness             Air            100%       N/A       0%          3
Your spell library was empty.

Dungeon Overview and Level Annotations

Branches:
Dungeon (15/15)            Temple (1/1) D:6            Lair (5/5) D:11
  Swamp (4/4) Lair:2       Spider (4/4) Lair:3        Slime (5/5) Lair:4
    Orc (2/2) D:12            Elf (3/3) Orc:2        Vaults (4/5) D:13
 Depths (4/4) D:15            Zot (0/5) Depths:4    Gauntlet (visited)
  Crypt: Vaults:2-3

Altars:
Ashenzari
Cheibriados
Dithmenos
Fedhas
Gozag
Hepliaklqana
Makhleb
Nemelex Xobeh
Okawaru
Qazlal
Ru
Trog
Uskayaw
Wu Jian
Xom
Yredelemnul
Zin
The Shining One
Jiyva

Shops:
D:2 !   D:8 :   Orc:2 :[[?=   Elf:2 *   Depths:1 (

Portals:
Hell: Depths:1 Depths:2 Depths:3 Depths:4
Abyss: Depths:1 Depths:3
Pandemonium: Depths:2

Annotations:
Swamp:2 Roxanne
Elf:2 8 runed translucent doors, exclusion: obsidian statue, Rocaguck's ghost, adept MiFi
Elf:3 Bai Suzhen
Vaults:2 Curse Skull, 3 exclusions
Depths:3 2 transporters


Innate Abilities, Weirdness & Mutations

You are immune to sickness and miasma.
You are immune to poison.
Your flesh is very heat resistant. (rF++)
You are vulnerable to cold. (rC-)
You float through the air rather than walking.
You learn spells naturally, not from books.
Your magical power is your life essence.
You have superior vitality. (+4 MHP)
Your body sometimes deteriorates upon taking damage.


Message History

Juqaed closely misses you. The Ice Fiend gestures at you.
The bolt of cold hits you! You resist.
* * * LOW HITPOINT WARNING * * *
You hear a sizzling sound!
The shadow demon hits you!
* * * LOW HITPOINT WARNING * * *
The lorocyproca misses you.
Unknown command.
Casting: Ozocubu's Refrigeration (mildly dangerous; 1% risk of failure)
Confirm with . or Enter, or press ? or * to list all spells.
You feel a surge of power!
The heat is drained from your surroundings.
Juqaed is heavily wounded.
The cacodemon is severely wounded.
The Tzitzimitl resists.
The Tzitzimitl is lightly wounded.
The lorocyproca resists.
The lorocyproca is almost dead.
* * * LOW HITPOINT WARNING * * *
You block Juqaed's attack. The Ice Fiend gestures at you.
The bolt of cold misses you.
You hear a sizzling sound!
The shadow demon misses you. You block Juqaed's attack.
The lorocyproca hits you but does no damage.
Unknown command.
Casting: Ozocubu's Refrigeration (mildly dangerous; 1% risk of failure)
Confirm with . or Enter, or press ? or * to list all spells.
You feel a surge of power!
The heat is drained from your surroundings.
Juqaed is heavily wounded.
The cacodemon is almost dead.
The Tzitzimitl resists.
The Tzitzimitl is lightly wounded.
The lorocyproca resists.
The lorocyproca is almost dead.
* * * LOW HITPOINT WARNING * * *
You are engulfed in blazing flames.
You resist.
You die...

▓▓▓ ▓▓▓▓▓.▓▓▓▓▓
▓▓▓...☼@21..▓
▓▓.§§§.2&12)...▓
▓▓.§≈§§§°.○.§§§..
▓▓...≈8§§.).§§8≈..
▓....≈≈≈§....≈≈≈..
▓....§§.........)[
▓▓................§
▓..∩..............?
▓▓...§..........


You could see Juqaed (agile, clouds), a Tzitzimitl (summoned), an Ice Fiend
(resistant), a cacodemon (summoned), a lorocyproca (summoned, invisible) and a
shadow demon (resistant).

Vanquished Creatures
  the Royal Jelly (Slime:5)
  Mara (Swamp:4)
  A juggernaut (Depths:4)
  2 liches
  Asterion (Elf:3)
  2 deep elf blademasters (Elf:3)
  24 acid blobs
  2 deep elf master archers (Elf:3)
  12 sphinxes
  2 Executioners (Zig:9)
  Agnes (Elf:1)
  A tengu reaver (Zig:5)
  Kirke (Spider:1)
  2 shadow dragons
  5 thorn hunters (Swamp:4)
  2 storm dragons
  A nagaraja (Zig:5)
  9 rockslimes
  6 fire giants
  4 emperor scorpions
  2 deep elf sorcerers (Elf:3)
  2 frost giants
  A draconian monk (Depths:4)
  2 balrugs
  An iron dragon (Depths:4)
  3 azure jellies (Slime:5)
  A draconian scorcher (Zig:1)
  6 vault wardens
  Louise (Depths:3)
  6 ghost moths
  A juggernaut zombie (Depths:3)
  A demonspawn corrupter (Zig:9)
  16 ironbound preservers
  2 demonspawn blood saints (Zig:9)
  3 deep elf elementalists (Elf:3)
  2 ghouls (Swamp:4)
  A broodmother (Spider:4)
  A draconian annihilator (Zig:5)
  A draconian stormcaller (Depths:4)
  4 spriggan defenders
  12 quicksilver oozes
  5 formless jellyfish
  A reaper (Zig:3)
  10 stone giants
  4 green draconians (Depths:4)
  5 ironbound thunderhulks
  16 very ugly things
  2 vampire knights (Depths:3)
  5 eleionomae
  8 deep elf demonologists
  6 bunyips
  2 war gargoyles
  3 deep elf annihilators (Elf:3)
  4 spark wasps
  20 dire elephants
  A minotaur (Gauntlet)
  10 deep elf death magi
  A red draconian (Depths:4)
  A white draconian (Depths:4)
  A blizzard demon (Depths:2)
  A green death (Zig:9)
  A crystal guardian (Vaults:4)
  6 ettins
  A quicksilver dragon zombie (Depths:3)
  3 fire dragons
  4 deep elf high priests
  7 entropy weavers
  5 yaktaur captains
  A shambling mangrove (Swamp:4)
  12 great orbs of eyes
  A merfolk avatar (Lair:5)
  5 ironbound frosthearts
  4 rakshasas
  A vault guard (Zig:7)
  5 jorogumos
  2 ghost crabs
  15 hydras
  6 ogre magi
  9 alligators
  7 spriggan air magi
  An anaconda (Lair:4)
  16 two-headed ogres
  5 ice dragons
  A peacekeeper (Vaults:4)
  A sphinx zombie (D:15)
  8 radroaches
  4 centaur warriors
  5 boulder beetles
  12 dancing weapons
  A deep troll earth mage (Depths:4)
  A death knight (D:15)
  A vampire mage (D:15)
  4 deep troll shamans
  7 demonic crawlers
  8 hell hogs
  15 death yaks
  2 occultists (Depths:1)
  6 tengu warriors
  3 orc high priests (Zig:6)
  3 spriggan berserkers
  11 hell knights
  4 sun demons (Depths:3)
  Sonja (Lair:4)
  Nergalle (Orc:1)
  10 deep elf knights
  3 iron trolls
  A fire crab (Gauntlet)
  4 skysharks
  11 skeletal warriors
  10 pharaoh ants
  A golden dragon zombie (Depths:3)
  9 sun moths
  2 goliath frogs
  7 swamp dragons
  11 deep elf archers
  55 deep trolls
  2 sea snakes (Lair:5)
  6 spriggan druids
  A spectral hydra (Swamp:4)
  7 glowing orange brains
  7 orb spiders
  4 orc knights
  A flayed ghost (Depths:2)
  6 arcanists
  2 bog bodies (Swamp:4)
  7 steelbarb worms
  3 harpies
  A harpy (shapeshifter) (Elf:2)
  4 phantasmal warriors
  10 ironbound convokers
  2 lindwurms (Vaults:1)
  33 deep elf zephyrmancers
  20 deep elf pyromancers
  A golden dragon skeleton (Depths:3)
  6 necromancers
  3 oklob plants (Swamp:4)
  18 wolf spiders
  33 ugly things
  2 manticores
  A salamander (Depths:3)
  3 will-o-the-wisps (Swamp:4)
  Maurice (Orc:1)
  3 orc sorcerers
  11 shining eyes
  3 cyclopes
  An elephant (shapeshifter) (D:13)
  9 meliai
  10 elephants
  8 black mambas
  18 vault sentinels
  An ice statue (Gauntlet)
  9 cane toads
  3 smoke demons (Depths:3)
  A cane toad (shapeshifter) (Zig:7)
  A gargoyle (D:14)
  Maggie (D:6)
  3 torpor snails
  An orange demon (Zig:9)
  A hellion (Depths:3)
  A kobold demonologist (D:14)
  2 kobold blastminers (Zig:6)
  An unseen horror (shapeshifter) (Vaults:4)
  3 unseen horrors
  6 rime drakes
  13 komodo dragons
  36 yaktaurs
  A tormentor (Depths:2)
  3 tengu conjurers
  An efreet (D:13)
  Psyche (D:8)
  A death drake zombie (Swamp:4)
  3 hydra zombies (Swamp:4)
  9 trolls
  A queen bee (Lair:1)
  7 tyrant leeches
  7 polar bears
  A bloated husk (Swamp:4)
  23 tarantellas
  23 hornets
  15 blink frogs
  2 wind drakes (Lair:5)
  2 death drake skeletons (Swamp:4)
  A hydra skeleton (Swamp:4)
  A snapping turtle (Lair:5)
  27 jumping spiders
  4 glass eyes
  3 dream sheep
  7 air elementals
  A ynoxinul (Zig:9)
  A spriggan skeleton (D:15)
  13 culicivoras
  A water elemental (Depths:1)
  15 spriggans
  78 slime creatures
  2 vampires
  9 basilisks
  4 fire elementals
  6 hogs (Spider:1)
  19 yaks
  3 wraiths
  3 fire bats (Gauntlet)
  18 golden eyes
  2 wargs
  3 wyverns
  3 steam dragons
  63 redbacks
  8 vampire mosquitoes
  20 swamp worms
  2 chaos spawn (Zig:3)
  A hell hound (Gauntlet)
  22 water moccasins
  An acid dragon (D:11)
  8 swamp drakes
  5 hydra simulacra (Swamp:4)
  17 orc warriors
  A swamp worm (shapeshifter) (Vaults:3)
  3 ettin simulacra (Depths:2)
  2 ice beasts
  A sky beast (D:7)
  2 swamp dragon zombies (Swamp:4)
  4 laughing skulls (Gauntlet)
  3 black bears
  16 wolves
  10 centaurs
  35 ogres
  A weeping skull (Gauntlet)
  A phantom (D:6)
  5 bullfrogs
  A kobold brigand (D:11)
  2 gnoll sergeants
  8 scorpions
  4 earth elementals
  53 killer bees
  6 howler monkeys
  4 electric eels
  A crimson imp (D:8)
  2 bombardier beetles
  5 jellies
  Crazy Yiuf (D:4)
  9 orc priests
  3 hounds
  A gnoll bouda (D:6)
  2 sleepcaps (D:5)
  Ijyb (D:4)
  6 hell rats (Lair:2)
  3 iguanas
  A scorpion zombie (D:3)
  15 orc wizards
  A hound zombie (D:3)
  A mummy (D:6)
  18 gnolls
  5 adders
  3 dart slugs
  59 orcs
  4 bats
  6 endoplasms
  4 giant cockroaches
  2 goblins
  5 hobgoblins
  3 jackals (D:2)
  13 kobolds
  6 quokkas
  5 ball pythons
  A frilled lizard (D:1)
  A hobgoblin zombie (D:6)
  2 kobold zombies (D:6)
  An orc zombie (D:6)
  2 quokka zombies (D:3)
  4 rats
  A ball lightning (D:13)
1755 creatures vanquished.

Vanquished Creatures (collateral kills)
  A bone dragon (Depths:4)
  the Enchantress (Depths:1)
  Norris (Vaults:3)
  4 acid blobs
  3 azure jellies
  3 rockslimes (Slime:5)
  A vault warden (Vaults:3)
  A frost giant (Zig:7)
  An ironbound preserver (Vaults:3)
  A formless jellyfish (Vaults:4)
  A very ugly thing (Depths:1)
  A spriggan defender (Depths:1)
  A vampire knight (Depths:3)
  3 war gargoyles
  A crystal guardian (Vaults:4)
  3 peacekeepers
  2 great orbs of eyes (Vaults:4)
  2 yaktaur captains (Vaults:4)
  A spriggan air mage (Depths:1)
  4 deep trolls
  An ironbound convoker (Vaults:4)
  A phantasmal warrior (Depths:3)
  A necromancer (Vaults:4)
  A frost giant zombie (Vaults:4)
  A yaktaur zombie (Vaults:4)
  A yaktaur (Vaults:4)
  A tengu simulacrum (Vaults:4)
  8 slime creatures
  A human zombie (Vaults:4)
  A human skeleton (Vaults:4)
  16 ball lightnings
69 creatures vanquished.

Vanquished Creatures (others)
  An ironbound preserver (Vaults:3)
  A great orb of eyes (Vaults:3)
  4 deep trolls (Vaults:3)
  A deep elf archer (Elf:1)
  523 ball lightnings
  389 foxfires
919 creatures vanquished.

Grand Total: 2743 creatures vanquished

Notes
Turn   | Place    | Note
-------+----------+-------------------------------------------
     0 | D:1      | Banquo the Djinni Air Elementalist began the quest for the
                  | Orb.
     0 | D:1      | Banquo set off with the following spells memorised: Shock,
                  | Static Discharge, Swiftness, Airstrike.
     0 | D:1      | Reached XP level 1. HP: 15/15 MP: 0/0
   377 | D:1      | Reached XP level 2. HP: 19/22 MP: 0/0
   411 | D:1      | Reached skill level 1 in Fighting
   993 | D:1      | Reached XP level 3. HP: 22/27 MP: 0/0
   993 | D:1      | Learned a level 1 spell: Foxfire
  1629 | D:2      | Reached XP level 4. HP: 14/33 MP: 0/0
  2105 | D:2      | Found Duinozil's Distillery.
  2376 | D:2      | Reached XP level 5. HP: 34/39 MP: 0/0
  2376 | D:2      | Learned a level 2 spell: Scorch
  2667 | D:3      | Found a basalt altar of Yredelemnul.
  3174 | D:4      | Reached XP level 6. HP: 41/46 MP: 0/0
  3237 | D:4      | Identified the +5 rapier "Qypp" {heavy, rF+}
  3301 | D:4      | Noticed Ijyb
  3331 | D:4      | Killed Ijyb
  3781 | D:4      | Found a runed translucent door.
  3782 | D:4      | Noticed Crazy Yiuf
  3942 | D:5      | Entered Level 5 of the Dungeon
  4209 | D:5      | Noticed a water moccasin
  4220 | D:5      | Killed a water moccasin
  4221 | D:5      | Reached skill level 1 in Armour
  4221 | D:5      | Reached XP level 7. HP: 31/52 MP: 0/0
  4221 | D:5      | Learned a level 2 spell: Mercury Vapours
  4796 | D:5      | Reached skill level 5 in Spellcasting
  4796 | D:5      | Reached skill level 5 in Conjurations
  4796 | D:5      | Reached skill level 5 in Hexes
  4796 | D:5      | Reached skill level 5 in Summonings
  4796 | D:5      | Reached skill level 5 in Necromancy
  4796 | D:5      | Reached skill level 5 in Translocations
  4796 | D:5      | Reached skill level 5 in Fire Magic
  4796 | D:5      | Reached skill level 5 in Ice Magic
  4796 | D:5      | Reached skill level 5 in Air Magic
  4796 | D:5      | Reached skill level 5 in Earth Magic
  4796 | D:5      | Reached skill level 5 in Alchemy
  4826 | D:5      | Noticed a water moccasin
  4831 | D:5      | Killed a water moccasin
  4832 | D:5      | Reached XP level 8. HP: 45/58 MP: 0/0
  5040 | D:5      | Noticed a wyvern
  5041 | D:5      | Reached skill level 5 in Fighting
  5049 | D:5      | Killed a wyvern
  5812 | D:5      | Reached skill level 5 in Dodging
  6412 | D:6      | Reached XP level 9. HP: 61/65 MP: 0/0
  6412 | D:6      | Learned a level 3 spell: Confusing Touch
  6431 | D:6      | Noticed Maggie
  6444 | D:6      | Killed Maggie
  6445 | D:6      | Reached skill level 1 in Shields
  6479 | D:6      | Found a staircase to the Ecumenical Temple.
  6487 | Temple   | Entered the Ecumenical Temple
  7659 | D:7      | Reached skill level 5 in Armour
  7747 | D:7      | You are sucked into a shaft and drop 1 floor!
  7839 | D:8      | Reached XP level 10. HP: 38/73 MP: 0/0
  8817 | D:8      | Found Ofarimag's Book Boutique.
  9489 | D:8      | Found a burning altar of Makhleb.
  9502 | D:8      | Became a worshipper of Makhleb the Destroyer
  9563 | D:8      | Noticed Psyche
  9568 | D:8      | Killed Psyche
  9944 | D:9      | Reached skill level 1 in Invocations
 10233 | D:9      | Reached * piety under Makhleb
 10594 | D:9      | Reached XP level 11. HP: 71/80 MP: 0/0
 10594 | D:9      | Learned a level 5 spell: Metabolic Englaciation
 10801 | D:10     | Entered Level 10 of the Dungeon
 11354 | D:10     | Noticed a two-headed ogre
 11358 | D:10     | Killed a two-headed ogre
 11554 | D:10     | Found a glowing golden altar of the Shining One.
 11564 | D:10     | Found a stormy altar of Qazlal.
 11688 | D:10     | Found a blossoming altar of Fedhas.
 11859 | D:11     | Identified a scroll of acquirement
 11859 | D:11     | Acquired the +0 helmet of Zothulul {rC++}
 11976 | D:11     | Noticed a cyclops
 12006 | D:11     | Killed a cyclops
 12006 | D:11     | Reached ** piety under Makhleb
 12048 | D:11     | Noticed a manticore
 12052 | D:11     | Killed a manticore
 12084 | D:11     | Noticed a two-headed ogre
 12092 | D:11     | Killed a two-headed ogre
 12461 | D:11     | Found a staircase to the Lair.
 12598 | D:11     | Reached XP level 12. HP: 83/88 MP: 0/0
 12891 | D:11     | Reached skill level 5 in Invocations
 13071 | Lair:1   | Entered Level 1 of the Lair of Beasts
 13446 | Lair:1   | Reached *** piety under Makhleb
 14079 | Lair:2   | Reached skill level 10 in Fighting
 14257 | Lair:2   | Noticed a four-headed hydra
 14261 | Lair:2   | Killed a four-headed hydra
 14481 | Lair:2   | Noticed a seven-headed hydra
 14482 | Lair:2   | Noticed a four-headed hydra
 14503 | Lair:2   | Killed a seven-headed hydra
 14556 | Lair:2   | Killed a four-headed hydra
 14557 | Lair:2   | Reached XP level 13. HP: 94/97 MP: 0/0
 14557 | Lair:2   | Learned a level 5 spell: Fireball
 14571 | Lair:2   | Found a staircase to the Swamp.
 15031 | Lair:3   | Noticed a six-headed hydra
 15051 | Lair:2   | Reached **** piety under Makhleb
 15106 | Lair:3   | Killed a six-headed hydra
 15107 | Lair:3   | Reached skill level 10 in Spellcasting
 15107 | Lair:3   | Reached skill level 10 in Conjurations
 15107 | Lair:3   | Reached skill level 10 in Hexes
 15107 | Lair:3   | Reached skill level 10 in Summonings
 15107 | Lair:3   | Reached skill level 10 in Necromancy
 15107 | Lair:3   | Reached skill level 10 in Translocations
 15107 | Lair:3   | Reached skill level 10 in Fire Magic
 15107 | Lair:3   | Reached skill level 10 in Ice Magic
 15107 | Lair:3   | Reached skill level 10 in Air Magic
 15107 | Lair:3   | Reached skill level 10 in Earth Magic
 15107 | Lair:3   | Reached skill level 10 in Alchemy
 15314 | Lair:3   | Identified the +6 orcbow of the Spectre {antimagic, rElec
                  | Str+4 Stlth+}
 15500 | Lair:3   | Found a hole to the Spider Nest.
 16074 | Lair:4   | Found a viscous altar of Jiyva.
 16075 | Lair:4   | Found a staircase to the Slime Pits.
 16210 | Lair:4   | Noticed an anaconda
 16676 | Lair:4   | Reached XP level 14. HP: 69/107 MP: 0/0
 16818 | Lair:4   | Reached skill level 10 in Armour
 17095 | Lair:4   | Found a viscous altar of Jiyva.
 17096 | Lair:4   | Found a staircase to the Slime Pits.
 17782 | Lair:5   | Entered Level 5 of the Lair of Beasts
 17782 | Lair:5   | Noticed Sonja
 17788 | Lair:4   | Killed Sonja
 18003 | Lair:5   | Reached skill level 10 in Invocations
 18006 | Lair:5   | Reached ***** piety under Makhleb
 18412 | Lair:5   | Reached XP level 15. HP: 115/115 MP: 0/0
 18412 | Lair:5   | Learned a level 6 spell: Conjure Ball Lightning
 18860 | Lair:5   | Found the ring of the Octopus King
 18875 | Lair:5   | Identified a ring of the Octopus King {rCorr HP+2 AC+2 EV+2
                  | SH+2}
 19747 | D:4      | Killed Crazy Yiuf
 20617 | D:12     | Found a staircase to the Orcish Mines.
 20801 | Orc:1    | Entered Level 1 of the Orcish Mines
 20828 | Orc:2    | Entered Level 2 of the Orcish Mines
 20829 | Orc:2    | Found Efykaergh's Jewellery Shoppe.
 21082 | Orc:2    | Paralysed by an ogre mage for 4 turns
 21429 | Orc:2    | Reached ****** piety under Makhleb
 21593 | Orc:2    | Found a staircase to the Elven Halls.
 21709 | Orc:1    | Reached skill level 5 in Shields
 21733 | Orc:1    | Noticed Nergalle
 21741 | Orc:1    | Killed Nergalle
 21766 | Orc:1    | Noticed Maurice
 21769 | Orc:1    | Killed Maurice
 22055 | Orc:2    | Found Losiyshri's Antique Armour Boutique.
 22055 | Orc:2    | Found Qudais's Magic Scroll Emporium.
 22064 | Orc:2    | Found Efonwing's Book Shoppe.
 22064 | Orc:2    | Found Muklor's Antique Armour Boutique.
 22400 | Orc:2    | Found Efykaergh's Jewellery Shoppe.
 22467 | Orc:2    | Found a staircase to the Elven Halls.
 22596 | Orc:2    | Found Efonwing's Book Shoppe.
 22596 | Orc:2    | Found Muklor's Antique Armour Boutique.
 22597 | Orc:2    | Found Losiyshri's Antique Armour Boutique.
 22597 | Orc:2    | Found Qudais's Magic Scroll Emporium.
 23079 | D:13     | Reached XP level 16. HP: 122/123 MP: 0/0
 23092 | D:13     | Found a gate to the Vaults.
 23796 | D:14     | Found a gate leading to a gauntlet.
 23809 | Gauntlet | Entered a Gauntlet
 23809 | Gauntlet | Found a transporter.
 23812 | Gauntlet | Found a transporter.
 23816 | Gauntlet | Found a transporter.
 23822 | Gauntlet | Found a transporter.
 23828 | Gauntlet | Found a transporter.
 23832 | Gauntlet | Found a transporter.
 23833 | Gauntlet | Found a transporter.
 23840 | Gauntlet | Found a transporter.
 23844 | Gauntlet | Found a transporter.
 23849 | Gauntlet | Found a transporter.
 23857 | Gauntlet | Found a transporter.
 23858 | Gauntlet | Found a transporter.
 23863 | Gauntlet | Found a transporter.
 23869 | Gauntlet | Found a transporter.
 24181 | Gauntlet | Identified the +0 robe of the Forest {*Slow Str-5 Dex+7}
 24181 | Gauntlet | Identified the +2 falchion of Generosity {heavy, *Slow rF+
                  | rC+}
 24755 | D:15     | Entered Level 15 of the Dungeon
 24970 | D:15     | Found a staircase to the Depths.
 25519 | Spider:1 | Entered Level 1 of the Spider Nest
 26047 | Spider:1 | Noticed Kirke
 26050 | Spider:1 | Reached XP level 17. HP: 115/130 MP: 0/0
 26050 | Spider:1 | Learned a level 6 spell: Dispersal
 26056 | Spider:1 | Killed Kirke
 26862 | Spider:2 | Reached skill level 15 in Fighting
 28909 | Spider:4 | Entered Level 4 of the Spider Nest
 28915 | Spider:4 | Reached XP level 18. HP: 118/138 MP: 0/0
 28977 | Spider:4 | Reached skill level 15 in Armour
 29102 | Spider:3 | Reached skill level 10 in Shields
 30546 | Spider:4 | Got a gossamer rune of Zot
 31165 | Swamp:1  | Entered Level 1 of the Swamp
 31467 | Swamp:1  | Reached skill level 15 in Invocations
 32292 | Swamp:2  | Noticed Roxanne
 33259 | Swamp:3  | Reached XP level 19. HP: 143/143 MP: 0/0
 33259 | Swamp:3  | Learned a level 7 spell: Ozocubu's Refrigeration
 33313 | Swamp:3  | Reached skill level 15 in Spellcasting
 33313 | Swamp:3  | Reached skill level 15 in Conjurations
 33313 | Swamp:3  | Reached skill level 15 in Hexes
 33313 | Swamp:3  | Reached skill level 15 in Summonings
 33313 | Swamp:3  | Reached skill level 15 in Necromancy
 33313 | Swamp:3  | Reached skill level 15 in Translocations
 33313 | Swamp:3  | Reached skill level 15 in Fire Magic
 33313 | Swamp:3  | Reached skill level 15 in Ice Magic
 33313 | Swamp:3  | Reached skill level 15 in Air Magic
 33313 | Swamp:3  | Reached skill level 15 in Earth Magic
 33313 | Swamp:3  | Reached skill level 15 in Alchemy
 33380 | Swamp:3  | Identified the +2 helmet of Makunuf {Str+2}
 33928 | Swamp:4  | Entered Level 4 of the Swamp
 33928 | Swamp:4  | Noticed Mara
 33930 | Swamp:4  | Noticed Banquo's illusion
 34699 | Swamp:4  | Killed Mara
 36046 | Swamp:4  | Found a blossoming altar of Fedhas.
 36081 | Swamp:4  | Got a decaying rune of Zot
 36100 | Swamp:4  | Found a basalt altar of Yredelemnul.
 36433 | Elf:1    | Entered Level 1 of the Elven Halls
 36753 | Elf:1    | Reached XP level 20. HP: 149/149 MP: 0/0
 36785 | Elf:1    | Noticed Agnes
 36790 | Elf:1    | Killed Agnes
 37882 | Elf:2    | Found a runed translucent gate.
 37882 | Elf:2    | Found an opulent altar of Gozag.
 37883 | Elf:2    | Found a runed translucent gate.
 37883 | Elf:2    | Found a runed translucent gate.
 37883 | Elf:2    | Noticed Rocaguck's ghost (adept MiFi)
 37978 | Elf:2    | Found Plog's Assorted Antiques.
 38035 | Elf:2    | Found a huge runed translucent gate.
 38035 | Elf:2    | Found a huge runed translucent gate.
 38035 | Elf:2    | Found a huge runed translucent gate.
 38035 | Elf:2    | Found a huge runed translucent gate.
 38035 | Elf:2    | Found a huge runed translucent gate.
 38194 | Elf:3    | Entered Level 3 of the Elven Halls
 38213 | Elf:3    | Noticed Asterion
 38449 | Elf:3    | Killed Asterion
 38951 | Elf:3    | Noticed Bai Suzhen
 39390 | Elf:3    | Identified the +7 war axe of Crystal {flame, rElec Str+4}
 39477 | Elf:3    | Reached skill level 10 in Dodging
 39741 | Elf:3    | Identified the +2 robe "Saim" {rC+ rCorr Dex+3}
 39864 | Elf:3    | Identified the +4 orcbow of Pestilence {freeze, Str+2}
 40184 | Vaults:1 | Entered Level 1 of the Vaults
 40192 | Vaults:1 | Reached XP level 21. HP: 132/157 MP: 0/0
 40192 | Vaults:1 | Learned a level 8 spell: Borgnjor's Revivification
 40289 | Vaults:1 | Identified the +9 broad axe of Vingar {pain, Dex+3}
 40449 | Vaults:2 | Found a portal to a secret trove of treasure.
 41769 | D:2      | Bought a potion of curing for 42 gold pieces
 41769 | D:2      | Bought a potion of curing for 42 gold pieces
 42026 | Vaults:2 | You paid a toll of 16 potions of curing to enter a treasure
                  | trove
 42027 | Trove    | Entered a treasure trove
 42356 | Depths:1 | Entered Level 1 of the Depths
 43215 | Vaults:2 | Reached XP level 22. HP: 158/166 MP: 0/0
 43219 | Vaults:2 | Reached XP level 23. HP: 172/172 MP: 0/0
 43219 | Vaults:2 | Learned a level 8 spell: Summon Horrible Things
 43943 | Vaults:3 | Noticed Norris
 43971 | Vaults:3 | Killed Norris
 44102 | Vaults:3 | Reached skill level 15 in Shields
 44445 | Vaults:3 | Found a flickering gateway to a bazaar.
 44454 | Bazaar   | Entered a bazaar
 44454 | Bazaar   | Found Gizelae's Antique Armour Shop.
 44471 | Bazaar   | Found Ewahowee's Book Emporium.
 44491 | Bazaar   | Found Wici's Magic Scroll Boutique.
 44500 | Bazaar   | Found Tafoug's Assorted Antiques.
 44514 | Bazaar   | Bought a scroll of teleportation for 51 gold pieces
 44514 | Bazaar   | Bought a scroll of teleportation for 51 gold pieces
 44514 | Bazaar   | Bought a scroll of teleportation for 51 gold pieces
 44514 | Bazaar   | Bought a scroll of teleportation for 51 gold pieces
 44543 | Bazaar   | Bought a distressingly furry cloak for 237 gold pieces
 44543 | Bazaar   | Identified the +2 cloak "Nieky" {Will+ SInv} (You bought it
                  | in a shop in a bazaar)
 44553 | Bazaar   | Bought a fine robe for 142 gold pieces
 44553 | Bazaar   | Identified the +0 robe "Meusu Ryxe" {rN+} (You bought it in
                  | a shop in a bazaar)
 46628 | Vaults:4 | Identified the +9 flail of Huonkysh {freeze, Fly Will+++
                  | Str-2}
 46840 | Vaults:4 | Found a runed translucent door.
 46930 | Vaults:4 | Identified the +1 leather armour of the Hills {+Inv Str+2}
 48152 | Depths:1 | Noticed the Enchantress
 48163 | Depths:1 | Killed the Enchantress
 48267 | Depths:1 | Found a one-way gate to the infinite horrors of the Abyss.
 48280 | Depths:1 | Reached XP level 24. HP: 157/182 MP: 0/0
 48457 | Depths:1 | Found Amichiff's Weapon Emporium.
 48717 | Depths:1 | Found a basalt altar of Yredelemnul.
 48721 | Depths:1 | Found a gateway to Hell.
 48889 | Depths:1 | You are sucked into a shaft and drop 1 floor!
 49748 | Depths:2 | Found a stormy altar of Qazlal.
 50331 | Depths:2 | Found a one-way gate leading to the halls of Pandemonium.
 50727 | Depths:3 | Found a transporter.
 51195 | Depths:3 | Identified the +7 demon blade of Prudence {vamp, rPois
                  | rCorr Str+3 Dex-3}
 51455 | Depths:3 | Found a one-way gateway to a ziggurat.
 51616 | Depths:3 | Identified the -1 tower shield "Commuu" {Harm Int+4}
 51616 | Depths:3 | Noticed Louise
 51620 | Depths:3 | Killed Louise
 51665 | Depths:3 | Found a transporter.
 51923 | Depths:3 | Found a shadowy altar of Dithmenos.
 52410 | Depths:4 | Entered Level 4 of the Depths
 52416 | Depths:4 | Reached XP level 25. HP: 190/191 MP: 0/0
 52416 | Depths:4 | Learned a level 9 spell: Death's Door
 53123 | Depths:4 | Noticed a juggernaut
 53128 | Depths:4 | Killed a juggernaut
 53830 | Depths:4 | Found a gate to the Realm of Zot.
 54185 | Depths:4 | Found a gate to the Realm of Zot.
 55130 | Slime:1  | Entered Level 1 of the Pits of Slime
 56731 | Slime:2  | Gained mutation: Your body sometimes deteriorates upon
                  | taking damage. [a shining eye]
 57197 | Slime:5  | Entered Level 5 of the Pits of Slime
 57422 | Slime:5  | Reached XP level 26. HP: 199/199 MP: 0/0
 57773 | Slime:5  | Noticed the Royal Jelly
 57784 | Slime:5  | Killed the Royal Jelly
 57986 | Slime:5  | Identified the amulet of Usaane Qoluq {Reflect rPois rC++
                  | Str-4 SH+5}
 57994 | Slime:5  | Identified the +0 plate armour of Solemn Lucidity {rPois}
 57997 | Slime:5  | Identified the +0 ring mail of Sif Muna's Reproof {^Contam
                  | rF+ Slay+3 Stlth+}
 58000 | Slime:5  | Got a slimy rune of Zot
 58587 | Zig:1    | Entered Level 1 of a ziggurat
 58605 | Zig:2    | Entered Level 2 of a ziggurat
 58625 | Zig:3    | Entered Level 3 of a ziggurat
 58641 | Zig:3    | Identified the +0 robe of Defence {Dex+7}
 58656 | Zig:4    | Entered Level 4 of a ziggurat
 58675 | Zig:4    | Identified the +10 double sword of Mastery {heavy, rElec
                  | rCorr Dex+3}
 58682 | Zig:4    | Identified the +0 leather armour "Xudiet" {rCorr}
 58685 | Zig:5    | Entered Level 5 of a ziggurat
 58718 | Zig:6    | Entered Level 6 of a ziggurat
 58743 | Zig:6    | Identified the ring "Cachofim" {Str+2 SInv}
 58761 | Zig:7    | Entered Level 7 of a ziggurat
 58822 | Zig:7    | Identified the +10 shortbow "Ceufyani" {elec, Dex+2}
 58825 | Zig:7    | Identified the ring of Gluttony {rC+ Str+4 Stlth-}
 58847 | Zig:8    | Entered Level 8 of a ziggurat
 58853 | Zig:8    | Noticed a dread lich
 58855 | Zig:8    | Noticed an ancient lich
 58868 | Zig:8    | Identified the staff of the Soothsayer {rElec Necro Ice
                  | Air}
 58872 | Zig:9    | Entered Level 9 of a ziggurat
 58955 | Zig:9    | Noticed Juqaed the pandemonium lord
 58968 | Zig:9    | Engulfed by Juqaed the pandemonium lord's flame

Illustrated notes

Levels and vault maps discovered:
D:1:      kilobyte_arrival_exit_the_forest, layout_basic
D:2:      cheibrodos_old_hovel, layout_basic, serial_rivers,
          chequers_serial_rivers_micro_e, chequers_serial_rivers_room_b,
          chequers_serial_rivers_micro_b, chequers_serial_rivers_large_a,
          serial_shops, nicolae_shop_statue_plus
D:3:      layout_rooms, nicolae_yredelemnul_corpse_copse,
          kennysheep_generic_room_13
D:4:      layout_cave_pools, wad_floor_pattern_1, minmay_cut_off, uniq_ijyb,
          uniq_crazy_yiuf_cottage
D:5:      layout_basic, amcnicky_mini_rare_corridor_liquid,
          kennysheep_pointless_box, minmay_bent
D:6:      layout_basic, minmay_temple_entry_mist, minmay_misc_feat_diagonals,
          minmay_mini_ossuary, uniq_maggie
D:7:      layout_cave_pools, serial_bayou, serial_bayou_pond_a,
          serial_bayou_pond_d, serial_bayou_lagoon_b, serial_bayou_shore_b
D:8:      layout_loops_cross, grunt_temple_overflow_lords_of_destruction,
          serial_shops, shop, uniq_psyche
D:9:      layout_roguey, kennysheep_minor_cross
D:10:     layout_loops_corners, nicolae_overflow_hidden_temple
D:11:     layout_small_grid, erik_lair_dragon, nicolae_zen_rock_garden,
          kennysheep_big_empty_room, st_stairs_3
D:12:     layout_long_grid, david_orc_2
D:13:     layout_basic, david_vaults_1
D:14:     layout_loops_ring, gauntlet_entry_generic
D:15:     gammafunk_depths_entry_grave, layout_cross, fiery_altar_vehumet
Temple:   hellmonk_temple_of_storms
Lair:1:   layout_roguey [special_room_bee]
Lair:2:   layout_gridlike, palyth_hydra_swamp_entry, st_stairs_6,
          grunt_megastairs_2
Lair:3:   beast_lair_carwin_large_2, layout_hall_layers,
          nicolae_spider_entry_lesser_pyramids, grunt_forest_large_clearings
Lair:4:   beast_lair_carwin_large_3, layout_concentric_octagons, slime_entry_2,
          st_stairs_7
Lair:5:   gammafunk_lair_ancient_temple, layout_concentric_octagons, uniq_sonja
Swamp:1:  layout_basic_swamp, evilmike_swamp_ruin_house_1,
          infiniplex_staircase_pool
Swamp:2:  layout_basic_swamp, evilmike_swamp_ruin_rubble_2, uniq_roxanne
Swamp:3:  layout_basic_swamp, nicolae_swamp_reclaimed_castle
Swamp:4:  byrel_swamp_growth_death_and_undeath, layout_basic_swamp, uniq_mara
Spider:1: layout_chambers, uniq_kirke
Spider:2: layout_spider_delve, hellmonk_test_site
Spider:3: layout_chambers, nicolae_spider_solar_radiation
Spider:4: spider_rune_water, hangedman_spider_tarantella_strand
Slime:1:  layout_caves
Slime:2:  layout_caves, cheibrodos_slime_lost_civilization_7
Slime:3:  layout_caves
Slime:4:  layout_caves
Slime:5:  slime_pit_nicolae_royal_road_to_ruin
Orc:1:    layout_diamond_mine, serial_shops, uniq_nergalle, uniq_maurice
Orc:2:    st_orc_ogre_mass, layout_diamond_mine, serial_shops,
          nicolae_shop_gaudy_bauble
Elf:1:    elf_arrival_001, layout_geoelf_octagon, nicolae_elf_crossing_hall,
          uniq_agnes
Elf:2:    elven_hall_of_blades_hangedman_alternative [nicolae_blade_bullseye],
          layout_geoelf_octagon, ebering_ghost_gozag, minmay_misc_feat_alley,
          serial_sigils_hangedman_snap
Elf:3:    elf_hall_gauntlet_narrow, layout_gridlike, uniq_louise, uniq_asterion,
          uniq_bai_suzhen
Vaults:1: nicolae_vaults_trapezoid_2, nicolae_vaults_network_periphery,
          v_rooms_4, vaults_dpeg_doors, vaults_room_grunt_arrival_ludios,
          hangedman_vaults_corner, ontoclasm_vaults_idyll,
          grunt_vaults_diagonal, vaults_standard_mumra_lines,
          vaults_room_corners, layout_vaults_omnibox
Vaults:2: nicolae_vaults_hexular_roomagon, v_misc_10, ontoclasm_vaults_chip,
          kennysheep_ogre_elephant_herders, ontoclasm_vaults_ring_small,
          v_misc_16, minmay_crypt_entry_simple_box,
          nicolae_vaults_network_quinsquares
          [nicolae_vaults_network_quincunx_subvault,
          nicolae_vaults_network_quincunx_subvault,
          nicolae_vaults_network_quincunx_subvault,
          nicolae_vaults_network_quincunx_subvault], hangedman_vaults_hat,
          nicolae_vaults_closet_pinwheel_6, v_misc_8, nicolae_vaults_little_ls,
          nicolae_vaults_hexular_roomagon, nicolae_vaults_sesquioval_fish,
          layout_vaults_ring, nicolae_trove_entry_isolated
Vaults:3: nicolae_vaults_murderbox, nicolae_vaults_apartment_2,
          nicolae_vaults_sealed_display, nicolae_vaults_what_the_h,
          hangedman_vaults_river_flow, v_misc_1, nicolae_vaults_trapezoid_2,
          layout_vaults_chaotic_city, serial_shops, freezing_bzr, uniq_margery,
          uniq_norris
Vaults:4: vaults_room_corners, nicolae_vaults_network_quincunx
          [nicolae_vaults_network_quincunx_subvault,
          nicolae_vaults_network_quincunx_subvault,
          nicolae_vaults_network_quincunx_subvault,
          nicolae_vaults_network_quincunx_subvault,
          nicolae_vaults_network_quincunx_subvault], v_misc_11,
          nicolae_vaults_spaceships, v_misc_11, grunt_vaults_twisty,
          nicolae_vaults_house_3, nicolae_vaults_tetromino_Z_1,
          ontoclasm_vaults_gateway, nicolae_vaults_oozy_zoo,
          layout_vaults_omnicross
Depths:1: layout_gridlike, old_standard_altar, hell_entry, serial_shops,
          nicolae_take_the_stairs, abyss_entry, kennysheep_underground_church,
          uniq_enchantress
Depths:2: hangedman_elemental_death_ray, layout_long_grid,
          grunt_pan_entry_zigzag, nicolae_qazlal_general_emergency, hell_entry
Depths:3: gammafunk_dig_for_victory, layout_basic, enter_ziggurat_c,
          hellmouth_3, nicolae_abyss_entry_one_way_or_another,
          nicolae_dithmenos_through_a_glass_darkly, drop_trap
Depths:4: grunt_x_marks_the_spot, layout_gridville, pf_hell_entry_great_geh,
          kennysheep_flooded_box
Zig:9

Skill      XL: |  1  2  3  4  5  6  7  8  9 10 11 12 13 14 15 16 17 18 19 20 21 22 23 24 25 26 |
---------------+-------------------------------------------------------------------------------+-----
Fighting       | 1 2 3 4 5 6 7 8 10 12 13 14 15 16 17 18 19 | 19.7
Spellcasting   | 4 5 6 7 8 9 10 11 12 13 14 16 17 18 19 21 22 | 22.8
Conjurations   | 4 5 6 7 8 9 10 11 12 13 14 16 17 18 19 21 22 | 22.8
Hexes          | 4 5 6 7 8 9 10 11 12 13 14 16 17 18 19 21 22 | 22.8
Summonings     | 4 5 6 7 8 9 10 11 12 13 14 16 17 18 19 21 22 | 22.8
Necromancy     | 4 5 6 7 8 9 10 11 12 13 14 16 17 18 19 21 22 | 22.8
Translocations | 4 5 6 7 8 9 10 11 12 13 14 16 17 18 19 21 22 | 22.8
Fire Magic     | 4 5 6 7 8 9 10 11 12 13 14 16 17 18 19 21 22 | 22.8
Ice Magic      | 4 5 6 7 8 9 10 11 12 13 14 16 17 18 19 21 22 | 22.8
Air Magic      | 4 5 6 7 8 9 10 11 12 13 14 16 17 18 19 21 22 | 22.8
Earth Magic    | 4 5 6 7 8 9 10 11 12 13 14 16 17 18 19 21 22 | 22.8
Alchemy        | 4 5 6 7 8 9 10 11 12 13 14 16 17 18 19 21 22 | 22.8
Armour         | 1 2 4 5 6 8 9 11 12 13 14 15 | 15.1
Dodging        | 3 5 6 7 8 10 12 | 12.0
Shields        | 3 4 5 7 9 11 12 13 14 16 17 | 17.0
Invocations    | 2 4 7 9 11 12 13 14 15 | 15.0
Stealth        | |  1.5

Action                     |  1- 3 |  4- 6 |  7- 9 | 10-12 | 13-15 | 16-18 | 19-21 | 22-24 | 25-27 || total
---------------------------+-------+-------+-------+-------+-------+-------+-------+-------+-------++-------
  Melee: Mace              |       |     1 |       |       |       |       |       |       |       ||     1
         Rapier            |       |     3 |       |       |       |       |       |       |       ||     3
         Staff             |       |       |       |       |     1 |       |       |       |       ||     1
   Cast: Shock             |    78 |    20 |     2 |    10 |       |     1 |       |       |       ||   111
         Foxfire           |       |   133 |    86 |     3 |     6 |     1 |       |       |       ||   229
         Scorch            |       |       |    78 |    62 |     4 |     1 |     4 |       |     1 ||   150
         Mercury Vapours   |       |       |    10 |     5 |     1 |       |       |     1 |       ||    17
         Airstrike         |       |       |    20 |   248 |   289 |   216 |   348 |   181 |     9 ||  1311
         Static Discharge  |       |       |       |    19 |     8 |     9 |       |       |       ||    36
         Metabolic Englaci |       |       |       |     3 |    15 |       |       |       |       ||    18
         Swiftness         |       |       |       |     1 |     1 |       |       |       |     1 ||     3
         Fireball          |       |       |       |       |   190 |   262 |    54 |   182 |     4 ||   692
         Conjure Ball Ligh |       |       |       |       |    35 |   119 |    17 |    36 |    33 ||   240
         Dispersal         |       |       |       |       |       |     1 |     4 |     1 |     6 ||    12
         Ozocubu's Refrige |       |       |       |       |       |       |   327 |   201 |   321 ||   849
         Summon Horrible T |       |       |       |       |       |       |       |    16 |     7 ||    23
 Invoke: Lesser Servant of |       |       |       |       |       |     2 |     1 |       |       ||     3
         Greater Servant o |       |       |       |       |       |       |     2 |       |       ||     2
  Evoke: Wand              |       |       |       |     1 |       |       |       |     1 |     1 ||     3
    Use: Scroll            |       |       |     9 |    14 |     5 |     6 |     3 |     4 |     3 ||    44
         Potion            |       |       |       |       |       |       |     1 |     1 |     2 ||     4
 Armour: Robe              |     8 |    10 |     8 |       |       |       |       |       |       ||    26
         Steam dragon scal |       |       |     9 |    27 |       |       |       |       |       ||    36
         Troll leather arm |       |       |       |    61 |   121 |   311 |    94 |   117 |   142 ||   846
  Dodge: Dodged            |    13 |    15 |    16 |    72 |    44 |    87 |   114 |    61 |    68 ||   490
         Repelled          |       |       |       |       |       |       |     3 |       |       ||     3
  Block: Other             |     1 |     6 |     3 |     2 |       |       |       |       |       ||    12
         Reflection        |       |     1 |       |     1 |       |       |       |       |       ||     2
         Buckler           |       |       |       |    35 |    23 |    49 |    37 |       |       ||   144
         Kite shield       |       |       |       |       |       |       |    50 |    68 |    63 ||   181

Table legend: (Time is in decaauts)
 A = Elapsed time spent in this place.
 B = Non-inter-level travel time spent in this place.
 C = Inter-level travel time spent in this place.
 D = Time resting spent in this place.
 E = Time spent auto-exploring this place.
 F = Levels seen in this place.
 G = Mean time per level.
                   A        B        C        D        E       F      G
               +--------+--------+--------+--------+--------+-----+--------+
         Total |  59084 |  49557 |   9527 |   7395 |  27610 |  59 | 1001.4 |
       Dungeon |  18623 |  14333 |   4290 |   1181 |   9631 |  15 | 1241.5 |
        Temple |      1 |      1 |      0 |      0 |      0 |   1 |    1.0 |
          Lair |   7040 |   5834 |   1206 |    840 |   3581 |   5 | 1408.0 |
         Swamp |   4957 |   4465 |    492 |   1787 |   1623 |   4 | 1239.2 |
   Spider Nest |   5525 |   4828 |    697 |    751 |   2697 |   4 | 1381.2 |
    Slime Pits |   3118 |   2786 |    332 |    351 |   1894 |   5 |  623.6 |
  Orcish Mines |   2189 |   1949 |    240 |    264 |   1146 |   2 | 1094.5 |
   Elven Halls |   3348 |   2957 |    391 |    800 |    665 |   3 | 1116.0 |
        Vaults |   6885 |   6011 |    874 |    553 |   3571 |   4 | 1721.2 |
        Depths |   6414 |   5412 |   1002 |    743 |   2755 |   4 | 1603.5 |
      Ziggurat |    378 |    378 |      0 |    100 |      8 |   9 |   42.0 |
        Bazaar |    123 |    123 |      0 |      0 |     39 |   1 |  123.0 |
         Trove |     90 |     90 |      0 |      0 |      0 |   1 |   90.0 |
      Gauntlet |    388 |    388 |      0 |     25 |      0 |   1 |  388.0 |
               +--------+--------+--------+--------+--------+-----+--------+

Top non-repeatable levels by time:
Vaults:3: 2617 daAuts
     D:5: 2349 daAuts
    D:11: 2327 daAuts
Depths:4: 2211 daAuts
  Lair:4: 2174 daAuts
 Swamp:4: 2062 daAuts
Spider:4: 1829 daAuts
   Orc:2: 1763 daAuts
Depths:3: 1662 daAuts
Vaults:1: 1602 daAuts
     D:8: 1522 daAuts
Vaults:2: 1437 daAuts
Spider:3: 1422 daAuts
  Lair:5: 1404 daAuts
Spider:1: 1397 daAuts
